Influenza vs Diables (R1)

Created - November 10, 2017 at 19:07

Goals
1 2 3 T
Influenza 1 2 3 6
Diables 2 1 0 3
Shots
1 2 3 T
Influenza 11 12 11 34
Diables 14 12 7 33

1st period

1. Influenza , Jimmy Vesey 2 (Beau Bennett 4, Dmitry Sinitsyn 3) at 6:07
2. Diables , Alexandre Burrows 4 (Craig Smith 13, Benn Ferriero 4) at 12:00
3. Diables , Brandon Prust 11 (Tyler Bozak 8) at 18:57 (PP)

Penalties :
Mark Scheifele (VJB) for Holding (Minor) at 15:06, Matt Corrente (VJB) for Holding Stick (Minor) at 18:56, Jordan Szwarz (Alm) for Holding (Minor) at 19:25

2nd period

4. Influenza , Tim Erixon 1 (Mark Scheifele 10, Beau Bennett 5) at 0:43 (PP)
5. Diables , Tyler Bozak 10 (Brandon Prust 16, Hampus Lindholm 12) at 8:22
6. Influenza , Jimmy Vesey 3 (Matt Corrente 8) at 9:21

Penalties :
Teuvo Teravainen (VJB) for Hooking (Minor) at 12:35, Jordan Szwarz (Alm) for Tripping (Minor) at 16:59, T.J Galiardi (VJB) for Holding Stick (Minor) at 19:31

3rd period

7. Influenza , Charlie Coyle 3 (Jimmy Vesey 2, Mathieu Carle 12) at 0:36 (SH)
8. Influenza , Mark Scheifele 9 (Lane MacDermid 3, Matt Corrente 9) at 6:14
9. Influenza , Beau Bennett 6 (Jimmy Vesey 3, Mathieu Carle 13) at 7:13

Penalties :
Craig Smith (Alm) for Holding (Minor) at 7:25, Daniel Zaar (Alm) for Elbowing (Minor) at 13:14, Ben Smith (VJB) for Hooking (Minor) at 18:05

Goalie Stats

Thomas McCollum (VJB), 30 saves from 33 shots - (0.909), W, 7-3-0, 60:00 minutes
Jean-Francois Berube (Alm), 22 saves from 28 shots - (0.786), L, 4-4-1, 47:13 minutes
Eddie Lack (Alm), 6 saves from 6 shots - (1.000), 12:47 minutes

Players Stats for Influenza

Player Name              G  A  P  +/- PIM S  H  SB GA TA FO     MP     PP MP  PK MP  
------------------------------------------------------------------------------------
Beau Bennett             1  2  3   3  0   5  2  0  0  0  0/0    11:21   2:37   0:00 
Ben Smith                0  0  0   0  2   3  3  2  1  1  0/0    15:48   0:00   0:00 
Charlie Coyle            1  0  1   0  0   1  2  1  0  0  6/20   18:59   4:33   1:48 
Dmitry Sinitsyn          0  1  1   0  0   0  0  1  0  0  0/0    19:35   0:00   0:06 
Iiro Pakarinen           0  0  0   0  0   2  2  0  0  0  0/0     7:12   0:05   0:00 
Jeremy Morin             0  0  0  -1  0   6  0  0  0  0  0/3    21:17   4:33   3:33 
Jimmy Vesey              2  2  4   4  0   4  2  0  0  0  3/3    11:29   0:00   2:42 
Jordan Schroeder         0  0  0   0  0   1  2  0  1  0  0/2     9:42   0:05   2:11 
Lane MacDermid           0  1  1   0  0   1  1  0  0  0  1/1    11:27   2:37   1:53 
Mark Olver               0  0  0   3  0   1  0  0  0  0  2/3     8:19   0:00   0:00 
Mark Scheifele           1  1  2   0  2   4  1  1  0  0  14/36  22:03   2:37   2:28 
Mathieu Carle            0  2  2   1  0   1  3  3  0  3  0/0    29:06   4:26   3:44 
Matt Corrente            0  2  2   2  2   2  1  0  1  2  0/0    22:53   4:26   4:35 
Morgan Rielly            0  0  0   1  0   0  0  0  0  0  0/0    17:15   2:49   3:16 
Paul Ladue               0  0  0   1  0   0  0  0  0  0  0/0    13:02   0:00   0:50 
T.J Galiardi             0  0  0  -1  2   1  2  0  0  0  2/2    18:39   4:33   0:56 
Teuvo Teravainen         0  0  0   0  2   1  1  3  0  0  2/2    16:44   0:05   0:13 
Tim Erixon               1  0  1   1  0   1  1  0  0  0  0/0    17:12   2:49   3:13 

Players Stats for Diables

Player Name              G  A  P  +/- PIM S  H  SB GA TA FO     MP     PP MP  PK MP  
------------------------------------------------------------------------------------
Alexandre Burrows        1  0  1  -2  0   2  3  0  1  0  0/0    16:26   3:51   0:58 
Ben Hanowski             0  0  0   0  0   1  0  0  0  0  0/0     5:23   4:06   0:00 
Benn Ferriero            0  1  1  -1  0   0  2  0  0  0  2/2    15:08   1:36   1:10 
Brandon Prust            1  1  2  -1  0   1  0  0  1  0  2/3    23:53   2:32   5:07 
Brian Dumoulin           0  0  0  -1  0   1  1  2  0  0  0/0    20:50   1:46   2:02 
Christian Thomas         0  0  0   0  0   3  0  0  0  0  0/0    10:56   0:12   0:00 
Craig Smith              0  1  1  -2  2   2  2  0  1  0  13/25  19:34   3:49   4:00 
Daniel Zaar              0  0  0   0  2   2  2  0  0  1  0/0    11:45   0:47   0:00 
Hampus Lindholm          0  1  1   0  0   5  2  0  0  0  0/0    24:51   4:43   2:12 
Jamie Oleksiak           0  0  0  -1  0   1  0  1  0  0  0/0    18:56   1:05   3:31 
Jon Merrill              0  0  0  -1  0   1  2  1  1  1  0/0    25:50   5:34   5:13 
Jordan Szwarz            0  0  0  -2  4   3  0  0  1  0  2/2    21:37   1:59   0:00 
Mark Fraser              0  0  0   0  0   0  0  2  0  1  0/0    13:32   2:04   1:32 
Pavel Valentenko         0  0  0  -2  0   2  0  0  0  0  0/0    15:08   0:32   0:00 
Stefan Matteau           0  0  0   0  0   1  3  0  0  0  4/6    12:33   1:07   0:42 
Taylor Beck              0  0  0  -1  0   0  0  0  0  0  1/1     9:57   1:09   1:02 
Tim Schaller             0  0  0  -1  0   2  2  0  0  0  1/3     8:31   0:00   1:31 
Tyler Bozak              1  1  2   0  0   6  1  0  1  0  17/30  17:51   2:28   0:00 

3 Stars

1 - Jimmy Vesey (VJB)
2 - Beau Bennett (VJB)
3 - Mathieu Carle (VJB)

Power Play

Influenza - 1 on 4 Attempt(s) - 25.00%
Diables - 1 on 5 Attempt(s) - 20.00%

Penalty Kill

Influenza - 4 on 5 Attempt(s) - 80.00% - Score 1 goal in Penalty Kill
Diables - 3 on 4 Attempt(s) - 75.00% - Score 0 goal in Penalty Kill

Team Stat

Influenza - Hits : 23 - Faceoff Wins : 30 - Blocked Shots : 11 - Penalty Minutes : 10
Diables - Hits : 20 - Faceoff Wins : 42 - Blocked Shots : 6 - Penalty Minutes : 8

Official

Referees : Furlatt Eric and Pochmara Brian
Linesman : Michel Cormier and Mike Cvik

Game Notes

Mark Fraser is injured at 17:13 of 2nd period (Sprained Left Finger)
Eddie Lack enters game at 7:13 of 3rd period

Finance

Level 1 -- Attendance: 1395 (69.75%) -- Ticket Income $55,800
Level 2 -- Attendance: 672 (67.20%) -- Ticket Income $13,440
Total Attendance: 2067 (68.90%)
Total Ticket Income: $69,240
Other Income: $3,462
Total Income: $72,702

Influenza

5 vs 5 Forward 
   Center                   Left Wing                Right Wing               Time % Phy DF OF 
 1 Mark Scheifele           Teuvo Teravainen         Ben Smith                40     1   2  2  
 2 Charlie Coyle            T.J Galiardi             Jeremy Morin             30     1   2  2  
 3 Mark Olver               Jimmy Vesey              Beau Bennett             20     1   2  2  
 4 Jordan Schroeder         Lane MacDermid           Iiro Pakarinen           10     1   2  2  

5 vs 5 Defense 
   Defense                  Defense                                           Time % Phy DF OF 
 1 Mathieu Carle            Dmitry Sinitsyn                                   40     1   2  2  
 2 Paul Ladue               Matt Corrente                                     30     1   2  2  
 3 Morgan Rielly            Tim Erixon                                        20     1   2  2  
 4 Mathieu Carle            Matt Corrente                                     10     1   2  2  

PowerPlay Forward 
   Center                   Left Wing                Right Wing               Time % Phy DF OF 
 1 Charlie Coyle            T.J Galiardi             Jeremy Morin             60     1   2  2  
 2 Mark Scheifele           Lane MacDermid           Beau Bennett             40     1   2  2  

PowerPlay Defense
   Defense                  Defense                                           Time % Phy DF OF 
 1 Mathieu Carle            Matt Corrente                                     60     1   2  2  
 2 Tim Erixon               Morgan Rielly                                     40     1   2  2  

Penalty Kill 4 Players Forward 
   Center                   Wing                     Time % Phy DF OF 
 1 Mark Scheifele           Jeremy Morin             60     1   2  2  
 2 T.J Galiardi             Charlie Coyle            40     1   2  2  

Penalty Kill 4 Players Defense
   Defense                  Defense                  Time % Phy DF OF 
 1 Mathieu Carle            Matt Corrente            60     1   2  2  
 2 Tim Erixon               Morgan Rielly            40     1   2  2  

Penalty Kill - 3 Players Forward 
   Forward                                           Time % Phy DF OF 
 1 Mark Scheifele                                    60     1   2  2  
 2 Jeremy Morin                                      40     1   2  2  

Penalty Kill - 3 Players Defense
   Defense                  Defense                  Time % Phy DF OF 
 1 Mathieu Carle            Matt Corrente            60     1   2  2  
 2 Tim Erixon               Morgan Rielly            40     1   2  2  

4 vs 4 Forward 
   Center                   Wing                     Time % Phy DF OF 
 1 Mark Scheifele           Jeremy Morin             60     1   2  2  
 2 T.J Galiardi             Charlie Coyle            40     1   2  2  

4 vs 4 Defense
   Defense                  Defense                  Time % Phy DF OF 
 1 Mathieu Carle            Matt Corrente            60     1   2  2  
 2 Tim Erixon               Morgan Rielly            40     1   2  2  

Last Minutes Offensive
   Center                   Left Wing                Right Wing               Defense                  Defense                  
   Mark Scheifele           T.J Galiardi             Jeremy Morin             Mathieu Carle            Matt Corrente            

Last Minutes Defensive
   Center                   Left Wing                Right Wing               Defense                  Defense                  
   Charlie Coyle            T.J Galiardi             Jeremy Morin             Mathieu Carle            Matt Corrente            

Goaltenders
Starting : Thomas McCollum          
Backup : Tyson Sexsmith           

Extra Forwards
Normal : Mark Scheifele, Beau Bennett, Jimmy Vesey - PP : Mark Scheifele, Beau Bennett - PK : Jimmy Vesey
Extra Defensemen
Normal : Morgan Rielly, Dmitry Sinitsyn, Tim Erixon - PP : Morgan Rielly - PK : Dmitry Sinitsyn, Tim Erixon
Penalty Shots
Mark Scheifele, Jeremy Morin, T.J Galiardi, Charlie Coyle, Mark Olver

Scratches
Jacob Josefson (Healthy), Jamie Devane (Healthy), Freddie Hamilton (Healthy), Jeff May (Healthy), Johan Larsson (Healthy)
Fredric Larsson (Healthy), Tom Kuhnhackl (Healthy), Oskars Bartulis (Healthy), Ryan Sproul (Healthy), Josh Andrerson (Healthy)
Jesse Graham (Healthy), Colton Sceviour (Healthy), Nikita Gusev (Healthy), T.J Brodie (Healthy), Jamie Phillips (Healthy)

Diables

5 vs 5 Forward 
   Center                   Left Wing                Right Wing               Time % Phy DF OF 
 1 Tyler Bozak              Brandon Prust            Jordan Szwarz            40     1   2  2  
 2 Craig Smith              Alexandre Burrows        Benn Ferriero            30     1   2  2  
 3 Tim Schaller             Taylor Beck              Jordan Szwarz            20     1   2  2  
 4 Stefan Matteau           Christian Thomas         Daniel Zaar              10     1   2  2  

5 vs 5 Defense 
   Defense                  Defense                                           Time % Phy DF OF 
 1 Jon Merrill              Hampus Lindholm                                   40     1   2  2  
 2 Pavel Valentenko         Mark Fraser                                       30     1   2  2  
 3 Brian Dumoulin           Jamie Oleksiak                                    20     1   2  2  
 4 Mark Fraser              Hampus Lindholm                                   10     1   2  2  

PowerPlay Forward 
   Center                   Left Wing                Right Wing               Time % Phy DF OF 
 1 Tyler Bozak              Brandon Prust            Ben Hanowski             60     1   2  2  
 2 Craig Smith              Alexandre Burrows        Jordan Szwarz            40     1   2  2  

PowerPlay Defense
   Defense                  Defense                                           Time % Phy DF OF 
 1 Jon Merrill              Hampus Lindholm                                   60     1   2  2  
 2 Brian Dumoulin           Mark Fraser                                       40     1   2  2  

Penalty Kill 4 Players Forward 
   Center                   Wing                     Time % Phy DF OF 
 1 Craig Smith              Brandon Prust            60     1   2  2  
 2 Tim Schaller             Benn Ferriero            40     1   2  2  

Penalty Kill 4 Players Defense
   Defense                  Defense                  Time % Phy DF OF 
 1 Mark Fraser              Jon Merrill              60     1   2  2  
 2 Hampus Lindholm          Jon Merrill              40     1   2  2  

Penalty Kill - 3 Players Forward 
   Forward                                           Time % Phy DF OF 
 1 Brandon Prust                                     60     1   2  2  
 2 Tim Schaller                                      40     1   2  2  

Penalty Kill - 3 Players Defense
   Defense                  Defense                  Time % Phy DF OF 
 1 Mark Fraser              Pavel Valentenko         60     1   2  2  
 2 Hampus Lindholm          Jon Merrill              40     1   2  2  

4 vs 4 Forward 
   Center                   Wing                     Time % Phy DF OF 
 1 Tyler Bozak              Alexandre Burrows        60     1   2  2  
 2 Craig Smith              Brandon Prust            40     1   2  2  

4 vs 4 Defense
   Defense                  Defense                  Time % Phy DF OF 
 1 Mark Fraser              Hampus Lindholm          60     1   2  2  
 2 Pavel Valentenko         Jon Merrill              40     1   2  2  

Last Minutes Offensive
   Center                   Left Wing                Right Wing               Defense                  Defense                  
   Tyler Bozak              Brandon Prust            Ben Hanowski             Mark Fraser              Pavel Valentenko         

Last Minutes Defensive
   Center                   Left Wing                Right Wing               Defense                  Defense                  
   Craig Smith              Brandon Prust            Ben Hanowski             Mark Fraser              Pavel Valentenko         

Goaltenders
Starting : Jean-Francois Berube     
Backup : Eddie Lack               

Extra Forwards
Normal : Benn Ferriero, Jordan Szwarz, Taylor Beck - PP : Benn Ferriero, Jordan Szwarz - PK : Taylor Beck
Extra Defensemen
Normal : Brian Dumoulin, Jamie Oleksiak, Hampus Lindholm - PP : Brian Dumoulin - PK : Jamie Oleksiak, Hampus Lindholm
Penalty Shots
Brandon Prust, Tyler Bozak, Alexandre Burrows, Ben Hanowski, Tim Schaller

Scratches
Louis Leblanc (Healthy), Gemel Smith (Healthy), Matt Lindblad (Healthy), Kyle Chipchura (Healthy), Mark Fraser (Sprained Left Finger Injury)
Borna Rendulic (Healthy), Adam Clendening (Healthy), Eric Karlsson (Healthy), Brett Ritchie (Healthy), Blake Coleman (Healthy)
Andrew O'Brien (Healthy), Keith Seabrook (Healthy), Pierre-Cédric Labrie (Healthy), Steve Quailer (Sprained Right Knee Injury), Marc-André Bourdon (Healthy)
Linus Ullmark (Healthy)

% Time on Ice - Influenza

Lines # - Real PCT - Wanted PCT - Time Play
Normal Forward
1 - 38% - 40% - 17:00
2 - 29% - 30% - 13:03
3 - 19% - 20% - 8:19
4 - 15% - 10% - 6:31
Normal Defense
1 - 42% - 40% - 19:04
2 - 31% - 30% - 13:54
3 - 22% - 20% - 9:56
4 - 4% - 10% - 1:59
PP Forward
1 - 64% - 60% - 4:38
2 - 36% - 40% - 2:37
PP Defense
1 - 61% - 60% - 4:26
2 - 39% - 40% - 2:49
PK Forward
1 - 81% - 60% - 6:22
2 - 19% - 40% - 1:30
PK Defense
1 - 59% - 60% - 4:39
2 - 41% - 40% - 3:13
PK3 Forward
1 - 0% - 60%
2 - 0% - 40%
PK3 Defense
1 - 0% - 60%
2 - 0% - 40%
44 Forward
1 - 0% - 60%
2 - 0% - 40%
44 Defense
1 - 0% - 60%
2 - 0% - 40%
Last Minute Offensive  - 0:00
Last Minute Defensive  - 0:00
Total
Forward - 60:00
Defense - 60:00

% Time on Ice - Diables

Lines # - Real PCT - Wanted PCT - Time Play
Normal Forward
1 - 35% - 40% - 15:32
2 - 26% - 30% - 11:41
3 - 15% - 20% - 6:56
4 - 24% - 10% - 10:44
Normal Defense
1 - 32% - 40% - 14:14
2 - 37% - 30% - 16:23
3 - 25% - 20% - 11:21
4 - 6% - 10% - 2:55
PP Forward
1 - 43% - 60% - 3:21
2 - 57% - 40% - 4:31
PP Defense
1 - 62% - 60% - 4:51
2 - 38% - 40% - 3:01
PK Forward
1 - 84% - 60% - 6:05
2 - 16% - 40% - 1:10
PK Defense
1 - 100% - 60% - 7:15
2 - 0% - 40% - 0:00
PK3 Forward
1 - 0% - 60%
2 - 0% - 40%
PK3 Defense
1 - 0% - 60%
2 - 0% - 40%
44 Forward
1 - 0% - 60%
2 - 0% - 40%
44 Defense
1 - 0% - 60%
2 - 0% - 40%
Last Minute Offensive  - 0:00
Last Minute Defensive  - 0:00
Total
Forward - 60:00
Defense - 60:00

Play by Play

1st period


0:01 of 1st period - Teuvo Teravainen wins face-off versus Tyler Bozak in neutral zone.
0:12 of 1st period - Brandon Prust is hit by Ben Smith and loses puck.
0:30 of 1st period - Slapshot by Jeremy Morin.
0:30 of 1st period - Shot Misses the Net.
0:48 of 1st period - Slapshot by Iiro Pakarinen.
0:48 of 1st period - Stopped by Jean-Francois Berube without a rebound.
0:49 of 1st period - Stefan Matteau wins face-off versus Jordan Schroeder in Diables zone.
1:20 of 1st period - Jamie Oleksiak is hit by Iiro Pakarinen and loses puck.
1:33 of 1st period - Slapshot by Iiro Pakarinen.
1:33 of 1st period - Deflect By Lane MacDermid.
1:33 of 1st period - Stopped by Jean-Francois Berube with a rebound.
1:51 of 1st period - Wrist shot by Stefan Matteau.
1:51 of 1st period - Shot Misses the Net.
1:53 of 1st period - Wrist shot by Christian Thomas.
1:53 of 1st period - Shot Misses the Net.
2:23 of 1st period - Wrist shot by Iiro Pakarinen.
2:23 of 1st period - Stopped by Jean-Francois Berube with a rebound.
3:08 of 1st period - Snap shot by Daniel Zaar.
3:08 of 1st period - Stopped by Thomas McCollum without a rebound.
3:09 of 1st period - Tyler Bozak wins face-off versus Mark Scheifele in Influenza zone.
3:14 of 1st period - Wrist shot by Tyler Bozak.
3:14 of 1st period - Shot Blocked by Teuvo Teravainen.
3:16 of 1st period - Slapshot by Jon Merrill.
3:16 of 1st period - Shot Blocked by Mark Scheifele.
3:18 of 1st period - Snap shot by Tyler Bozak.
3:18 of 1st period - Shot Blocked by Ben Smith.
3:20 of 1st period - Wrist shot by Tyler Bozak.
3:20 of 1st period - Shot Blocked by Teuvo Teravainen.
3:22 of 1st period - Slapshot by Hampus Lindholm.
3:22 of 1st period - Deflect By Mathieu Carle.
3:22 of 1st period - Stopped by Thomas McCollum with a rebound.
3:24 of 1st period - Wrist shot by Jon Merrill.
3:24 of 1st period - Deflect By Mathieu Carle.
3:24 of 1st period - Stopped by Thomas McCollum without a rebound.
3:25 of 1st period - Craig Smith wins face-off versus Charlie Coyle in Influenza zone.
3:52 of 1st period - Icing by Brandon Prust.
3:53 of 1st period - Mark Scheifele wins face-off versus Tyler Bozak in Diables zone.
5:28 of 1st period - Matt Corrente is hit by Tim Schaller and loses puck.
5:51 of 1st period - Wrist shot by Ben Smith.
5:51 of 1st period - Shot Misses the Net.
5:53 of 1st period - Snap shot by Matt Corrente.
5:53 of 1st period - Shot Blocked by Brian Dumoulin.
6:05 of 1st period - Snap shot by Beau Bennett.
6:05 of 1st period - Shot Misses the Net.
6:07 of 1st period - Wrist shot by Jimmy Vesey.
6:07 of 1st period - Goal by Jimmy Vesey - Influenza : 1 - Diables : 0.
6:08 of 1st period - Tyler Bozak wins face-off versus Mark Scheifele in neutral zone.
6:15 of 1st period - Snap shot by Tyler Bozak.
6:15 of 1st period - Shot Misses the Net.
6:17 of 1st period - Slapshot by Mark Fraser.
6:17 of 1st period - Shot Misses the Net.
6:19 of 1st period - Slapshot by Mark Fraser.
6:19 of 1st period - Shot Misses the Net.
6:21 of 1st period - Snap shot by Jordan Szwarz.
6:21 of 1st period - Stopped by Thomas McCollum with a rebound.
6:23 of 1st period - Slapshot by Pavel Valentenko.
6:23 of 1st period - Stopped by Thomas McCollum without a rebound.
6:24 of 1st period - Benn Ferriero wins face-off versus Charlie Coyle in Influenza zone.
6:29 of 1st period - Wrist shot by Craig Smith.
6:29 of 1st period - Shot Misses the Net.
6:31 of 1st period - Snap shot by Mark Fraser.
6:31 of 1st period - Shot Misses the Net.
6:51 of 1st period - Tyler Bozak is hit by Mathieu Carle and loses puck.
7:18 of 1st period - Wrist shot by Beau Bennett.
7:18 of 1st period - Stopped by Jean-Francois Berube without a rebound.
7:19 of 1st period - Craig Smith wins face-off versus Mark Scheifele in Diables zone.
7:23 of 1st period - Off-side.
7:24 of 1st period - Craig Smith wins face-off versus Mark Scheifele in neutral zone.
7:33 of 1st period - Snap shot by Craig Smith.
7:33 of 1st period - Shot Misses the Net.
7:35 of 1st period - Snap shot by Craig Smith.
7:35 of 1st period - Shot Misses the Net.
7:37 of 1st period - Slapshot by Jon Merrill.
7:37 of 1st period - Deflect By Craig Smith.
7:37 of 1st period - Shot Misses the Net.
7:37 of 1st period - Puck is out of play.
7:38 of 1st period - Tyler Bozak wins face-off versus Charlie Coyle in Influenza zone.
8:03 of 1st period - Teuvo Teravainen is hit by Craig Smith and loses puck.
8:10 of 1st period - Snap shot by Benn Ferriero.
8:10 of 1st period - Deflect By Craig Smith.
8:10 of 1st period - Stopped by Thomas McCollum with a rebound.
8:29 of 1st period - Wrist shot by Christian Thomas.
8:29 of 1st period - Shot Blocked by Mathieu Carle.
8:31 of 1st period - Snap shot by Jamie Oleksiak.
8:31 of 1st period - Stopped by Thomas McCollum with a rebound.
8:33 of 1st period - Snap shot by Christian Thomas.
8:33 of 1st period - Stopped by Thomas McCollum with a rebound.
8:35 of 1st period - Slapshot by Brian Dumoulin.
8:35 of 1st period - Stopped by Thomas McCollum with a rebound.
8:37 of 1st period - Slapshot by Brian Dumoulin.
8:37 of 1st period - Shot Misses the Net.
8:39 of 1st period - Slapshot by Brian Dumoulin.
8:39 of 1st period - Shot Blocked by Dmitry Sinitsyn.
9:01 of 1st period - Matt Corrente is hit by Alexandre Burrows.
9:42 of 1st period - Lane MacDermid is hit by Alexandre Burrows and loses puck.
10:28 of 1st period - Brandon Prust is hit by Ben Smith.
10:44 of 1st period - Snap shot by Stefan Matteau.
10:44 of 1st period - Stopped by Thomas McCollum without a rebound.
10:45 of 1st period - Stefan Matteau wins face-off versus Charlie Coyle in Influenza zone.
10:56 of 1st period - Snap shot by Jeremy Morin.
10:56 of 1st period - Stopped by Jean-Francois Berube without a rebound.
10:57 of 1st period - Tyler Bozak wins face-off versus Mark Scheifele in Diables zone.
11:52 of 1st period - Wrist shot by Hampus Lindholm.
11:52 of 1st period - Shot Blocked by Charlie Coyle.
11:54 of 1st period - Wrist shot by Benn Ferriero.
11:54 of 1st period - Shot Misses the Net.
11:58 of 1st period - Snap shot by Alexandre Burrows.
11:58 of 1st period - Shot Misses the Net.
12:00 of 1st period - Snap shot by Alexandre Burrows.
12:00 of 1st period - Goal by Alexandre Burrows - Influenza : 1 - Diables : 1.
12:01 of 1st period - Craig Smith wins face-off versus Mark Scheifele in neutral zone.
12:03 of 1st period - Off-side.
12:04 of 1st period - Craig Smith wins face-off versus Mark Scheifele in neutral zone.
12:07 of 1st period - Dmitry Sinitsyn is hit by Benn Ferriero and loses puck.
12:32 of 1st period - Snap shot by Jordan Szwarz.
12:32 of 1st period - Stopped by Thomas McCollum without a rebound.
12:33 of 1st period - Tim Schaller wins face-off versus Charlie Coyle in Influenza zone.
13:16 of 1st period - Charlie Coyle is hit by Hampus Lindholm and loses puck.
13:20 of 1st period - Icing by Jeremy Morin.
13:21 of 1st period - Benn Ferriero wins face-off versus Charlie Coyle in Influenza zone.
13:47 of 1st period - Off-side.
13:48 of 1st period - Teuvo Teravainen wins face-off versus Stefan Matteau in neutral zone.
14:01 of 1st period - Wrist shot by Hampus Lindholm.
14:01 of 1st period - Shot Blocked by Ben Smith.
14:38 of 1st period - Wrist shot by Alexandre Burrows.
14:38 of 1st period - Shot Misses the Net.
15:06 of 1st period - Minor Penalty to Mark Scheifele for Holding.
15:07 of 1st period - Jimmy Vesey wins face-off versus Tyler Bozak in Influenza zone.
15:12 of 1st period - Wrist shot by Tyler Bozak.
15:12 of 1st period - Shot Misses the Net.
17:04 of 1st period - Wrist shot by Jordan Schroeder.
17:04 of 1st period - Stopped by Jean-Francois Berube without a rebound.
17:05 of 1st period - Jimmy Vesey wins face-off versus Tyler Bozak in Diables zone.
17:06 of 1st period - Penalty to Mark Scheifele is over, Mark Scheifele is back on ice.
17:36 of 1st period - Off-side.
17:37 of 1st period - Stefan Matteau wins face-off versus Charlie Coyle in neutral zone.
17:54 of 1st period - T.J Galiardi is hit by Daniel Zaar and loses puck.
18:01 of 1st period - Jeremy Morin is hit by Stefan Matteau and loses puck.
18:51 of 1st period - Backhand shot by Daniel Zaar.
18:51 of 1st period - Shot Misses the Net.
18:53 of 1st period - Slapshot by Hampus Lindholm.
18:53 of 1st period - Deflect By Dmitry Sinitsyn.
18:53 of 1st period - Stopped by Thomas McCollum without a rebound.
18:54 of 1st period - Mark Scheifele wins face-off versus Tyler Bozak in Influenza zone.
18:56 of 1st period - Minor Penalty to Matt Corrente for Holding Stick.
18:57 of 1st period - Tyler Bozak wins face-off versus Mark Scheifele in Influenza zone.
18:57 of 1st period - Snap shot by Brandon Prust.
18:57 of 1st period - Goal by Brandon Prust - Influenza : 1 - Diables : 2.
18:58 of 1st period - Tyler Bozak wins face-off versus Mark Scheifele in neutral zone.
19:05 of 1st period - Snap shot by Mark Scheifele.
19:05 of 1st period - Stopped by Jean-Francois Berube with a rebound.
19:11 of 1st period - Snap shot by Mark Scheifele.
19:11 of 1st period - Deflect By Ben Smith.
19:11 of 1st period - Stopped by Jean-Francois Berube without a rebound.
19:12 of 1st period - Tyler Bozak wins face-off versus Mark Scheifele in Diables zone.
19:23 of 1st period - Snap shot by Ben Smith.
19:23 of 1st period - Stopped by Jean-Francois Berube with a rebound.
19:25 of 1st period - Minor Penalty to Jordan Szwarz for Holding.
19:26 of 1st period - Craig Smith wins face-off versus Jeremy Morin in Diables zone.
19:37 of 1st period - Slapshot by T.J Galiardi.
19:37 of 1st period - Stopped by Jean-Francois Berube without a rebound.
19:38 of 1st period - Charlie Coyle wins face-off versus Brandon Prust in Diables zone.
Goals for this period are 1 for Influenza vs 2 for Diables.
Shots for this period are 11 for Influenza vs 14 for Diables.

2nd period


0:01 of 2nd period - Craig Smith wins face-off versus Charlie Coyle in neutral zone.
0:08 of 2nd period - Snap shot by Matt Corrente.
0:08 of 2nd period - Stopped by Jean-Francois Berube without a rebound.
0:09 of 2nd period - Charlie Coyle wins face-off versus Craig Smith in Diables zone.
0:35 of 2nd period - Off-side.
0:36 of 2nd period - Lane MacDermid wins face-off versus Craig Smith in neutral zone.
0:41 of 2nd period - Slapshot by Mark Scheifele.
0:41 of 2nd period - Shot Blocked by Jon Merrill.
0:43 of 2nd period - Slapshot by Tim Erixon.
0:43 of 2nd period - Goal by Tim Erixon - Influenza : 2 - Diables : 2.
0:44 of 2nd period - Mark Scheifele wins face-off versus Tyler Bozak in neutral zone.
2:19 of 2nd period - Alexandre Burrows is hit by Jordan Schroeder and loses puck.
2:26 of 2nd period - Matt Corrente is hit by Craig Smith and loses puck.
2:53 of 2nd period - Backhand shot by Ben Smith.
2:53 of 2nd period - Shot Misses the Net.
2:55 of 2nd period - Wrist shot by Jimmy Vesey.
2:55 of 2nd period - Shot Misses the Net.
2:59 of 2nd period - Snap shot by Mark Olver.
2:59 of 2nd period - Stopped by Jean-Francois Berube with a rebound.
3:58 of 2nd period - Wrist shot by Tyler Bozak.
3:58 of 2nd period - Shot Blocked by Mathieu Carle.
4:06 of 2nd period - Wrist shot by Tyler Bozak.
4:06 of 2nd period - Shot Misses the Net.
4:22 of 2nd period - Snap shot by Tyler Bozak.
4:22 of 2nd period - Shot Misses the Net.
4:34 of 2nd period - Tim Erixon is hit by Brian Dumoulin and loses puck.
4:39 of 2nd period - Slapshot by Hampus Lindholm.
4:39 of 2nd period - Stopped by Thomas McCollum with a rebound.
4:41 of 2nd period - Slapshot by Jon Merrill.
4:41 of 2nd period - Deflect By Tim Schaller.
4:41 of 2nd period - Stopped by Thomas McCollum with a rebound.
4:53 of 2nd period - Daniel Zaar is hit by T.J Galiardi and loses puck.
6:47 of 2nd period - Pavel Valentenko is hit by Matt Corrente and loses puck.
6:52 of 2nd period - Snap shot by Jeremy Morin.
6:52 of 2nd period - Stopped by Jean-Francois Berube without a rebound.
6:53 of 2nd period - Mark Scheifele wins face-off versus Craig Smith in Diables zone.
6:56 of 2nd period - Slapshot by Mark Scheifele.
6:56 of 2nd period - Stopped by Jean-Francois Berube without a rebound.
6:57 of 2nd period - Mark Scheifele wins face-off versus Craig Smith in Diables zone.
6:58 of 2nd period - Wrist shot by Ben Smith.
6:58 of 2nd period - Shot Blocked by Mark Fraser.
7:04 of 2nd period - Snap shot by Craig Smith.
7:04 of 2nd period - Stopped by Thomas McCollum without a rebound.
7:05 of 2nd period - Mark Scheifele wins face-off versus Tyler Bozak in Influenza zone.
7:23 of 2nd period - Mark Fraser is hit by Mathieu Carle and loses puck.
7:49 of 2nd period - Icing by Brian Dumoulin.
7:50 of 2nd period - T.J Galiardi wins face-off versus Craig Smith in Diables zone.
8:12 of 2nd period - Slapshot by Benn Ferriero.
8:12 of 2nd period - Deflect By Alexandre Burrows.
8:12 of 2nd period - Shot Misses the Net.
8:12 of 2nd period - Puck is out of play.
8:13 of 2nd period - Tyler Bozak wins face-off versus Mark Scheifele in Influenza zone.
8:16 of 2nd period - Slapshot by Hampus Lindholm.
8:16 of 2nd period - Shot Misses the Net.
8:18 of 2nd period - Backhand shot by Brandon Prust.
8:18 of 2nd period - Shot Misses the Net.
8:20 of 2nd period - Wrist shot by Brandon Prust.
8:20 of 2nd period - Shot Misses the Net.
8:22 of 2nd period - Wrist shot by Tyler Bozak.
8:22 of 2nd period - Goal by Tyler Bozak - Influenza : 2 - Diables : 3.
8:23 of 2nd period - Tyler Bozak wins face-off versus Mark Scheifele in neutral zone.
8:38 of 2nd period - Snap shot by Tyler Bozak.
8:38 of 2nd period - Stopped by Thomas McCollum with a rebound.
8:50 of 2nd period - Snap shot by Alexandre Burrows.
8:50 of 2nd period - Stopped by Thomas McCollum without a rebound.
8:51 of 2nd period - Mark Olver wins face-off versus Craig Smith in Influenza zone.
9:21 of 2nd period - Snap shot by Jimmy Vesey.
9:21 of 2nd period - Goal by Jimmy Vesey - Influenza : 3 - Diables : 3.
9:22 of 2nd period - Mark Scheifele wins face-off versus Tyler Bozak in neutral zone.
9:47 of 2nd period - Charlie Coyle is hit by Benn Ferriero and loses puck.
9:54 of 2nd period - Slapshot by Matt Corrente.
9:54 of 2nd period - Shot Blocked by Mark Fraser.
9:56 of 2nd period - Slapshot by Matt Corrente.
9:56 of 2nd period - Stopped by Jean-Francois Berube without a rebound.
9:57 of 2nd period - Tyler Bozak wins face-off versus Mark Scheifele in Diables zone.
10:07 of 2nd period - Icing by Jamie Oleksiak.
10:08 of 2nd period - Tyler Bozak wins face-off versus Mark Scheifele in Diables zone.
11:20 of 2nd period - Snap shot by Ben Smith.
11:20 of 2nd period - Stopped by Jean-Francois Berube with a rebound.
11:42 of 2nd period - Wrist shot by Tyler Bozak.
11:42 of 2nd period - Stopped by Thomas McCollum with a rebound.
12:14 of 2nd period - Brandon Prust is hit by Teuvo Teravainen and loses puck.
12:35 of 2nd period - Minor Penalty to Teuvo Teravainen for Hooking.
12:36 of 2nd period - T.J Galiardi wins face-off versus Craig Smith in Influenza zone.
12:43 of 2nd period - Snap shot by T.J Galiardi.
12:43 of 2nd period - Shot Misses the Net.
13:02 of 2nd period - Charlie Coyle is hit by Jon Merrill and loses puck.
14:35 of 2nd period - Penalty to Teuvo Teravainen is over, Teuvo Teravainen is back on ice.
14:43 of 2nd period - Backhand shot by Beau Bennett.
14:43 of 2nd period - Stopped by Jean-Francois Berube with a rebound.
14:45 of 2nd period - Slapshot by Jordan Schroeder.
14:45 of 2nd period - Deflect By Beau Bennett.
14:45 of 2nd period - Stopped by Jean-Francois Berube without a rebound.
14:46 of 2nd period - Mark Olver wins face-off versus Stefan Matteau in Diables zone.
14:59 of 2nd period - Jordan Schroeder is hit by Daniel Zaar and loses puck.
15:17 of 2nd period - Hampus Lindholm is hit by Beau Bennett and loses puck.
15:28 of 2nd period - Snap shot by Beau Bennett.
15:28 of 2nd period - Stopped by Jean-Francois Berube without a rebound.
15:29 of 2nd period - Craig Smith wins face-off versus Jeremy Morin in Diables zone.
15:29 of 2nd period - Alexandre Burrows is hit by Charlie Coyle and loses puck.
15:48 of 2nd period - Daniel Zaar is hit by T.J Galiardi and loses puck.
16:25 of 2nd period - Christian Thomas is hit by Iiro Pakarinen and loses puck.
16:59 of 2nd period - Minor Penalty to Jordan Szwarz for Tripping.
17:00 of 2nd period - Charlie Coyle wins face-off versus Craig Smith in Diables zone.
17:02 of 2nd period - Slapshot by Jeremy Morin.
17:02 of 2nd period - Stopped by Jean-Francois Berube without a rebound.
17:03 of 2nd period - Craig Smith wins face-off versus Charlie Coyle in Diables zone.
17:12 of 2nd period - Mark Fraser is hit by Mathieu Carle and loses puck.
17:13 of 2nd period - Mark Fraser from Diables is injured at 17:13 of 2nd period (Sprained Left Finger).
17:14 of 2nd period - Charlie Coyle wins face-off versus Craig Smith in Diables zone.
17:42 of 2nd period - Off-side.
17:43 of 2nd period - Craig Smith wins face-off versus Mark Scheifele in neutral zone.
18:22 of 2nd period - Tim Schaller is hit by Beau Bennett and loses puck.
18:58 of 2nd period - Slapshot by Hampus Lindholm.
18:58 of 2nd period - Stopped by Thomas McCollum without a rebound.
18:59 of 2nd period - Penalty to Jordan Szwarz is over, Jordan Szwarz is back on ice.
18:59 of 2nd period - Jordan Szwarz wins face-off versus Mark Scheifele in Influenza zone.
19:02 of 2nd period - Wrist shot by Tim Schaller.
19:02 of 2nd period - Stopped by Thomas McCollum without a rebound.
19:03 of 2nd period - Mark Scheifele wins face-off versus Tim Schaller in Influenza zone.
19:18 of 2nd period - Slapshot by Jordan Szwarz.
19:18 of 2nd period - Shot Misses the Net.
19:31 of 2nd period - Minor Penalty to T.J Galiardi for Holding Stick.
19:32 of 2nd period - Mark Scheifele wins face-off versus Tyler Bozak in Influenza zone.
19:41 of 2nd period - Slapshot by Jon Merrill.
19:41 of 2nd period - Shot Blocked by Mathieu Carle.
19:43 of 2nd period - Wrist shot by Ben Hanowski.
19:43 of 2nd period - Stopped by Thomas McCollum with a rebound.
19:45 of 2nd period - Wrist shot by Tyler Bozak.
19:45 of 2nd period - Stopped by Thomas McCollum without a rebound.
19:46 of 2nd period - Brandon Prust wins face-off versus Mark Scheifele in Influenza zone.
19:49 of 2nd period - Slapshot by Hampus Lindholm.
19:49 of 2nd period - Stopped by Thomas McCollum without a rebound.
19:50 of 2nd period - Brandon Prust wins face-off versus Mark Scheifele in Influenza zone.
Goals for this period are 2 for Influenza vs 1 for Diables.
Shots for this period are 12 for Influenza vs 12 for Diables.

3rd period


0:01 of 3rd period - Tyler Bozak wins face-off versus Mark Scheifele in neutral zone.
0:06 of 3rd period - Wrist shot by Brandon Prust.
0:06 of 3rd period - Shot Misses the Net.
0:34 of 3rd period - Wrist shot by Jimmy Vesey.
0:34 of 3rd period - Stopped by Jean-Francois Berube with a rebound.
0:36 of 3rd period - Snap shot by Charlie Coyle.
0:36 of 3rd period - Goal by Charlie Coyle - Influenza : 4 - Diables : 3.
0:37 of 3rd period - Mark Scheifele wins face-off versus Tyler Bozak in neutral zone.
1:31 of 3rd period - Penalty to T.J Galiardi is over, T.J Galiardi is back on ice.
1:33 of 3rd period - Snap shot by Brandon Prust.
1:33 of 3rd period - Shot Misses the Net.
2:13 of 3rd period - Pavel Valentenko is hit by Lane MacDermid and loses puck.
3:55 of 3rd period - Brian Dumoulin is hit by Jimmy Vesey and loses puck.
6:01 of 3rd period - Alexandre Burrows is hit by Jordan Schroeder and loses puck.
6:14 of 3rd period - Snap shot by Lane MacDermid.
6:14 of 3rd period - Deflect By Mark Scheifele.
6:14 of 3rd period - Goal by Mark Scheifele - Influenza : 5 - Diables : 3.
6:15 of 3rd period - Mark Scheifele wins face-off versus Tyler Bozak in neutral zone.
6:23 of 3rd period - Icing by Mathieu Carle.
6:24 of 3rd period - Tyler Bozak wins face-off versus Mark Scheifele in Influenza zone.
6:33 of 3rd period - Slapshot by Brandon Prust.
6:33 of 3rd period - Shot Blocked by Teuvo Teravainen.
6:35 of 3rd period - Wrist shot by Pavel Valentenko.
6:35 of 3rd period - Deflect By Mark Scheifele.
6:35 of 3rd period - Stopped by Thomas McCollum without a rebound.
6:36 of 3rd period - Tyler Bozak wins face-off versus Mark Scheifele in Influenza zone.
6:41 of 3rd period - Snap shot by Tyler Bozak.
6:41 of 3rd period - Stopped by Thomas McCollum without a rebound.
6:42 of 3rd period - Mark Scheifele wins face-off versus Tyler Bozak in Influenza zone.
7:11 of 3rd period - Snap shot by Jimmy Vesey.
7:11 of 3rd period - Stopped by Jean-Francois Berube with a rebound.
7:13 of 3rd period - Slapshot by Beau Bennett.
7:13 of 3rd period - Goal by Beau Bennett - Influenza : 6 - Diables : 3.
7:13 of 3rd period - Eddie Lack enters game.
7:14 of 3rd period - Mark Scheifele wins face-off versus Craig Smith in neutral zone.
7:25 of 3rd period - Minor Penalty to Craig Smith for Holding.
7:26 of 3rd period - Taylor Beck wins face-off versus Charlie Coyle in Diables zone.
9:25 of 3rd period - Penalty to Craig Smith is over, Craig Smith is back on ice.
9:26 of 3rd period - Brandon Prust is hit by Tim Erixon and loses puck.
9:31 of 3rd period - Wrist shot by Teuvo Teravainen.
9:31 of 3rd period - Stopped by Eddie Lack with a rebound.
9:33 of 3rd period - Snap shot by Jordan Schroeder.
9:33 of 3rd period - Deflect By Hampus Lindholm.
9:33 of 3rd period - Shot Blocked by Brian Dumoulin.
9:33 of 3rd period - Puck is out of play.
9:34 of 3rd period - Stefan Matteau wins face-off versus Mark Scheifele in Diables zone.
9:39 of 3rd period - Mark Scheifele is hit by Stefan Matteau and loses puck.
10:13 of 3rd period - Tim Erixon is hit by Tim Schaller and loses puck.
11:03 of 3rd period - Mark Scheifele is hit by Alexandre Burrows and loses puck.
11:18 of 3rd period - Wrist shot by Jimmy Vesey.
11:18 of 3rd period - Shot Misses the Net.
11:21 of 3rd period - Icing by Tyler Bozak.
11:22 of 3rd period - Tyler Bozak wins face-off versus Mark Olver in Diables zone.
11:22 of 3rd period - Tyler Bozak is hit by Jimmy Vesey.
11:40 of 3rd period - Wrist shot by Stefan Matteau.
11:40 of 3rd period - Shot Misses the Net.
11:42 of 3rd period - Wrist shot by Daniel Zaar.
11:42 of 3rd period - Stopped by Thomas McCollum with a rebound.
11:44 of 3rd period - Wrist shot by Christian Thomas.
11:44 of 3rd period - Stopped by Thomas McCollum with a rebound.
11:46 of 3rd period - Wrist shot by Christian Thomas.
11:46 of 3rd period - Stopped by Thomas McCollum without a rebound.
11:47 of 3rd period - Craig Smith wins face-off versus Charlie Coyle in Influenza zone.
12:13 of 3rd period - Teuvo Teravainen is hit by Tyler Bozak and loses puck.
12:18 of 3rd period - Slapshot by Tyler Bozak.
12:18 of 3rd period - Shot Misses the Net.
12:22 of 3rd period - Slapshot by Tyler Bozak.
12:22 of 3rd period - Stopped by Thomas McCollum without a rebound.
12:23 of 3rd period - Tyler Bozak wins face-off versus Jeremy Morin in Influenza zone.
12:48 of 3rd period - Brian Dumoulin is hit by Ben Smith and loses puck.
12:55 of 3rd period - Snap shot by Mark Scheifele.
12:55 of 3rd period - Stopped by Eddie Lack with a rebound.
12:57 of 3rd period - Slapshot by Tim Erixon.
12:57 of 3rd period - Shot Blocked by Jamie Oleksiak.
13:14 of 3rd period - Minor Penalty to Daniel Zaar for Elbowing.
13:15 of 3rd period - Craig Smith wins face-off versus Charlie Coyle in Diables zone.
13:45 of 3rd period - Slapshot by Mathieu Carle.
13:45 of 3rd period - Stopped by Eddie Lack without a rebound.
13:46 of 3rd period - Charlie Coyle wins face-off versus Tim Schaller in Diables zone.
13:47 of 3rd period - Slapshot by T.J Galiardi.
13:47 of 3rd period - Shot Misses the Net.
13:49 of 3rd period - Slapshot by Jeremy Morin.
13:49 of 3rd period - Stopped by Eddie Lack without a rebound.
13:50 of 3rd period - Craig Smith wins face-off versus Charlie Coyle in Diables zone.
15:14 of 3rd period - Penalty to Daniel Zaar is over, Daniel Zaar is back on ice.
15:35 of 3rd period - Mathieu Carle is hit by Stefan Matteau and loses puck.
16:13 of 3rd period - Off-side.
16:14 of 3rd period - Charlie Coyle wins face-off versus Tyler Bozak in neutral zone.
16:21 of 3rd period - Snap shot by Jeremy Morin.
16:21 of 3rd period - Stopped by Eddie Lack without a rebound.
16:22 of 3rd period - Tyler Bozak wins face-off versus Charlie Coyle in Diables zone.
16:22 of 3rd period - Tyler Bozak is hit by Charlie Coyle.
17:06 of 3rd period - Slapshot by Jeremy Morin.
17:06 of 3rd period - Shot Misses the Net.
17:18 of 3rd period - Slapshot by Jeremy Morin.
17:18 of 3rd period - Stopped by Eddie Lack with a rebound.
17:52 of 3rd period - Slapshot by Tyler Bozak.
17:52 of 3rd period - Shot Misses the Net.
17:56 of 3rd period - Wrist shot by Jordan Szwarz.
17:56 of 3rd period - Shot Misses the Net.
18:02 of 3rd period - Snap shot by Jordan Szwarz.
18:02 of 3rd period - Stopped by Thomas McCollum without a rebound.
18:03 of 3rd period - Mark Scheifele wins face-off versus Craig Smith in Influenza zone.
18:05 of 3rd period - Minor Penalty to Ben Smith for Hooking.
18:06 of 3rd period - Jimmy Vesey wins face-off versus Craig Smith in Influenza zone.
18:06 of 3rd period - Jimmy Vesey is hit by Hampus Lindholm.
18:32 of 3rd period - Jimmy Vesey is hit by Jon Merrill and loses puck.
19:32 of 3rd period - Stefan Matteau is hit by Mark Scheifele and loses puck.
19:40 of 3rd period - Icing by Jon Merrill.
19:41 of 3rd period - Jordan Szwarz wins face-off versus Jordan Schroeder in Diables zone.
Goals for this period are 3 for Influenza vs 0 for Diables.
Shots for this period are 11 for Influenza vs 7 for Diables.